% Time on Ice - VANCOUVER VOODOO
Lines # - Real PCT - Wanted PCT - Time Play
Normal Forward
1 - 31% - 34% - 14:23
2 - 30% - 33% - 13:45
3 - 21% - 25% - 9:43
4 - 18% - 8% - 8:14
Normal Defense
1 - 33% - 36% - 15:13
2 - 43% - 35% - 19:57
3 - 23% - 29% - 10:41
4 - 1% - 0% - 0:14
PP Forward
1 - 51% - 50% - 6:01
2 - 49% - 50% - 5:53
PP Defense
1 - 61% - 59% - 7:13
2 - 39% - 41% - 4:41
PK Forward
1 - 54% - 50% - 1:04
2 - 46% - 50% - 0:55
PK Defense
1 - 54% - 58% - 1:04
2 - 46% - 42% - 0:55
PK3 Forward
1 - 0% - 55%
2 - 0% - 45%
PK3 Defense
1 - 0% - 60%
2 - 0% - 40%
44 Forward
1 - 0% - 50%
2 - 0% - 50%
44 Defense
1 - 0% - 50%
2 - 0% - 50%
Last Minute Offensive  - 0:00
Last Minute Defensive  - 0:02
Total
Forward - 60:00
Defense - 60:00
% Time on Ice - BANFF WOLVES
Lines # - Real PCT - Wanted PCT - Time Play
Normal Forward
1 - 26% - 26% - 12:11
2 - 25% - 25% - 11:18
3 - 23% - 25% - 10:35
4 - 26% - 24% - 12:01
Normal Defense
1 - 33% - 36% - 15:10
2 - 31% - 31% - 14:20
3 - 34% - 23% - 15:53
4 - 2% - 10% - 0:42
PP Forward
1 - 50% - 55% - 1:00
2 - 50% - 45% - 0:59
PP Defense
1 - 50% - 55% - 1:00
2 - 50% - 45% - 0:59
PK Forward
1 - 52% - 55% - 6:10
2 - 48% - 45% - 5:44
PK Defense
1 - 58% - 55% - 6:52
2 - 42% - 45% - 5:02
PK3 Forward
1 - 0% - 55%
2 - 0% - 45%
PK3 Defense
1 - 0% - 55%
2 - 0% - 45%
44 Forward
1 - 0% - 55%
2 - 0% - 45%
44 Defense
1 - 0% - 55%
2 - 0% - 45%
Last Minute Offensive  - 0:02
Last Minute Defensive  - 0:00
Total
Forward - 60:00
Defense - 60:00
Play-by-Play 1st period 0:01 of 1st period - Mark Jankowski wins face-off versus Anze Kopitar in neutral zone. 0:10 of 1st period - Shot by Anze Kopitar. 0:10 of 1st period - Shot Misses the Net. 0:13 of 1st period - Frank Vatrano is hit by Kevan Miller and loses puck. 0:26 of 1st period - Shot by Craig Smith. 0:26 of 1st period - Stopped by Carey Price with a rebound. 0:40 of 1st period - Anze Kopitar is hit by Craig Smith and loses puck. 0:48 of 1st period - Minor Penalty to Nikita Zaitsev for Holding. 0:49 of 1st period - Tyler Toffoli wins face-off versus Brayden Point in BANFF WOLVES zone. 2:18 of 1st period - Shot by Anze Kopitar. 2:18 of 1st period - Stopped by Mikko Koskinen without a rebound. 2:19 of 1st period - Tyler Toffoli wins face-off versus Brayden Point in BANFF WOLVES zone. 2:45 of 1st period - Shot by Brayden Point. 2:45 of 1st period - Stopped by Mikko Koskinen without a rebound. 2:46 of 1st period - Markus Granlund wins face-off versus Andrew Shaw in BANFF WOLVES zone. 2:52 of 1st period - Icing by Michael Matheson. 2:53 of 1st period - Max McCormick wins face-off versus Joel Eriksson Ek in VANCOUVER VOODOO zone. 2:53 of 1st period - Max McCormick is hit by Brett Kulak. 3:01 of 1st period - Shot by Miles Wood. 3:01 of 1st period - Stopped by Carey Price without a rebound. 3:02 of 1st period - Bryan Little wins face-off versus Mark Letestu in VANCOUVER VOODOO zone. 3:02 of 1st period - Bryan Little is hit by Patrick Bajkov. 3:07 of 1st period - Off-side. 3:08 of 1st period - Brayden Point wins face-off versus Max McCormick in neutral zone. 3:13 of 1st period - Shot by Brayden Point. 3:13 of 1st period - Shot Hit the Post. 3:33 of 1st period - Shot by Brayden Point. 3:33 of 1st period - Shot Misses the Net. 3:35 of 1st period - Shot by Shea Theodore. 3:35 of 1st period - Stopped by Mikko Koskinen without a rebound. 3:36 of 1st period - John Hayden wins face-off versus Bryan Little in BANFF WOLVES zone. 4:59 of 1st period - Shot by Tanner Kero. 4:59 of 1st period - Shot Misses the Net. 5:01 of 1st period - Shot by Nikita Zaitsev. 5:01 of 1st period - Goal by Nikita Zaitsev - VANCOUVER VOODOO : 0 - BANFF WOLVES : 1. 5:02 of 1st period - Brayden Point wins face-off versus Max McCormick in neutral zone. 5:04 of 1st period - Off-side. 5:05 of 1st period - Max McCormick wins face-off versus Brayden Point in neutral zone. 5:20 of 1st period - Shot by Miles Wood. 5:20 of 1st period - Stopped by Carey Price without a rebound. 5:21 of 1st period - Anze Kopitar wins face-off versus Mark Jankowski in VANCOUVER VOODOO zone. 5:42 of 1st period - Shot by Anze Kopitar. 5:42 of 1st period - Shot Misses the Net. 5:44 of 1st period - Shot by Cam Atkinson. 5:44 of 1st period - Stopped by Mikko Koskinen with a rebound. 5:46 of 1st period - Shot by Cam Atkinson. 5:46 of 1st period - Shot Misses the Net. 5:59 of 1st period - Off-side. 6:00 of 1st period - Mark Letestu wins face-off versus Brayden Point in neutral zone. 6:36 of 1st period - Shot by Shea Theodore. 6:36 of 1st period - Shot Blocked by Alex Biega. 7:12 of 1st period - Shot by Joel Eriksson Ek. 7:12 of 1st period - Stopped by Mikko Koskinen without a rebound. 7:13 of 1st period - Max McCormick wins face-off versus Anze Kopitar in BANFF WOLVES zone. 7:29 of 1st period - Shot by Cam Atkinson. 7:29 of 1st period - Stopped by Mikko Koskinen without a rebound. 7:30 of 1st period - Bryan Little wins face-off versus Josh Archibald in BANFF WOLVES zone. 7:33 of 1st period - Shot by Rocco Grimaldi. 7:33 of 1st period - Deflect By Alexander Kerfoot. 7:33 of 1st period - Shot Misses the Net. 7:35 of 1st period - Shot by Michael Matheson. 7:35 of 1st period - Stopped by Mikko Koskinen with a rebound. 7:37 of 1st period - Shot by Michael Matheson. 7:37 of 1st period - Stopped by Mikko Koskinen without a rebound. 7:38 of 1st period - Anze Kopitar wins face-off versus Mark Jankowski in BANFF WOLVES zone. 8:02 of 1st period - Shot by Markus Granlund. 8:02 of 1st period - Stopped by Carey Price without a rebound. 8:03 of 1st period - Josh Archibald wins face-off versus Brayden Point in VANCOUVER VOODOO zone. 8:18 of 1st period - Shot by Tyler Ennis. 8:18 of 1st period - Stopped by Carey Price with a rebound. 8:20 of 1st period - Shot by Josh Archibald. 8:20 of 1st period - Stopped by Carey Price without a rebound. 8:20 of 1st period - Minor Penalty to Brett Kulak for Hooking. 8:21 of 1st period - Mark Jankowski wins face-off versus Rocco Grimaldi in VANCOUVER VOODOO zone. 8:30 of 1st period - Shot by Markus Granlund. 8:30 of 1st period - Stopped by Carey Price with a rebound. 8:32 of 1st period - Shot by Nikita Zaitsev. 8:32 of 1st period - Shot Misses the Net. 8:34 of 1st period - Shot by Kevan Miller. 8:34 of 1st period - Stopped by Carey Price without a rebound. 8:35 of 1st period - Andrew Shaw wins face-off versus Josh Archibald in VANCOUVER VOODOO zone. 8:43 of 1st period - Josh Archibald is hit by Andrew Shaw and loses puck. 9:12 of 1st period - Shot by Miles Wood. 9:12 of 1st period - Stopped by Carey Price without a rebound. 9:13 of 1st period - Anze Kopitar wins face-off versus Mark Jankowski in VANCOUVER VOODOO zone. 10:24 of 1st period - Shot by Tanner Kero. 10:24 of 1st period - Shot Misses the Net. 10:27 of 1st period - Icing by Rasmus Andersson. 10:28 of 1st period - Joel Eriksson Ek wins face-off versus Mark Letestu in VANCOUVER VOODOO zone. 11:18 of 1st period - Mathew Dumba is hit by Josh Teves and loses puck. 11:38 of 1st period - Shot by Brayden Point. 11:38 of 1st period - Shot Blocked by Riley Stillman. 11:40 of 1st period - Shot by Michael Matheson. 11:40 of 1st period - Stopped by Mikko Koskinen without a rebound. 11:41 of 1st period - Anze Kopitar wins face-off versus Max McCormick in BANFF WOLVES zone. 12:36 of 1st period - Icing by Nikita Zaitsev. 12:37 of 1st period - Max McCormick wins face-off versus Brayden Point in BANFF WOLVES zone. 16:15 of 1st period - Icing by Josh Teves. 16:16 of 1st period - Mark Jankowski wins face-off versus Austin Wagner in BANFF WOLVES zone. 17:15 of 1st period - John Hayden is hit by Michael Matheson and loses puck. 17:31 of 1st period - Icing by Alex Biega. 17:32 of 1st period - Anze Kopitar wins face-off versus Mark Letestu in BANFF WOLVES zone. 17:41 of 1st period - Shot by Anze Kopitar. 17:41 of 1st period - Stopped by Mikko Koskinen without a rebound. 17:42 of 1st period - Mark Jankowski wins face-off versus Brayden Point in BANFF WOLVES zone. 19:00 of 1st period - Shot by Tyler Toffoli. 19:00 of 1st period - Stopped by Carey Price without a rebound. 19:01 of 1st period - Josh Archibald wins face-off versus Bryan Little in VANCOUVER VOODOO zone. 19:10 of 1st period - Shot by Josh Archibald. 19:10 of 1st period - Stopped by Carey Price without a rebound. 19:11 of 1st period - Anze Kopitar wins face-off versus Mark Letestu in VANCOUVER VOODOO zone. Goals for this period are 0 for VANCOUVER VOODOO vs 1 for BANFF WOLVES. Shots for this period are 10 for VANCOUVER VOODOO vs 12 for BANFF WOLVES. 2nd period 0:01 of 2nd period - Brayden Point wins face-off versus Josh Archibald in neutral zone. 0:10 of 2nd period - Icing by Brett Kulak. 0:11 of 2nd period - Brayden Point wins face-off versus Max McCormick in VANCOUVER VOODOO zone. 0:33 of 2nd period - Shot by Miles Wood. 0:33 of 2nd period - Shot Misses the Net. 0:51 of 2nd period - Shot by Andrew Shaw. 0:51 of 2nd period - Shot Misses the Net. 0:53 of 2nd period - Shot by Andrew Shaw. 0:53 of 2nd period - Stopped by Mikko Koskinen without a rebound. 0:54 of 2nd period - Josh Archibald wins face-off versus Anze Kopitar in BANFF WOLVES zone. 1:01 of 2nd period - Shot by Tyler Ennis. 1:01 of 2nd period - Shot Misses the Net. 1:10 of 2nd period - Icing by Frank Vatrano. 1:11 of 2nd period - Anze Kopitar wins face-off versus Mark Jankowski in VANCOUVER VOODOO zone. 1:18 of 2nd period - Shot by Cam Atkinson. 1:18 of 2nd period - Shot Misses the Net. 1:20 of 2nd period - Shot